Map: Honorgrounds LE

Players

Fropez

  • Race: Protoss Protoss
  • League: Platinum
  • Spawn Location: 11:00

ugilad - Winner!

  • Race: Zerg Zerg
  • League: Platinum
  • Spawn Location: 1:00

VOD

Have the link to the VOD?

Description

Time

  • Played on: Jan. 25, 2017, 12:37 p.m.
  • Length: 15:38
Show
View Real Time Build Order
Export as new Build Order

Fropez Protoss 

Build Orders:  

Get SALT Encoding   

  12  0:01  Probe (Chrono Boost)  
  13  0:18  Pylon  
  13  0:23  Probe (Chrono Boost)  
  14  0:41  Gateway  
  14  0:45  Probe (Chrono Boost)  
  15  0:56  Probe (Chrono Boost)  
  16  1:13  Pylon  
  16  1:19  Gateway  
  16  1:20  Probe (Chrono Boost)  
  17  1:30  Cybernetics Core  
  17  1:31  Zealot  
  18  1:33  Probe (Chrono Boost)  
  20  1:44  Assimilator  
  20  1:45  Probe (Chrono Boost)  
  20  1:46  Assimilator  
  21  1:57  Probe (Chrono Boost)  
  23  2:09  Probe (Chrono Boost)  
  23  2:21  Probe (Chrono Boost)  
  24  2:36  Mothership Core (Chrono Boost)  
  26  2:41  Pylon  
  26  2:47  Pylon  
  26  2:55  Adept  
  26  2:59  Adept  
  26  3:01  Probe (Chrono Boost)  
  31  3:07  Pylon  
  31  3:10  Twilight Council  
  32  3:13  Probe (Chrono Boost)  
  32  3:25  Probe (Chrono Boost)  
  33  3:29  Warp Gate  
  33  3:35  Nexus  
  33  3:43  Probe (Chrono Boost)  
  34  4:24  Resonating Glaives  
  34  4:36  Adept x2  
  38  4:43  Gateway  
  38  4:44  Gateway  
  38  4:47  Gateway x2  
  38  4:56  Robotics Facility  
  38  4:57  Probe (Chrono Boost)  
  39  5:11  Probe (Chrono Boost)  
  39  5:13  Probe (Chrono Boost)  
  41  5:17  Pylon  
  41  5:22  Probe (Chrono Boost)  
  42  5:48  Warp Prism  
  40  5:52  Forge  
  40  5:54  Pylon, Forge  
  42  6:00  Probe (Chrono Boost)  
  42  6:01  Probe (Chrono Boost)  
  44  6:07  Dark Shrine  
  44  6:10  Probe (Chrono Boost)  
  44  6:11  Adept  
  47  6:13  Probe (Chrono Boost)  
  42  6:47  Adept x4  
  42  6:48  Adept x2  
  42  7:24  Adept x2  
  42  7:25  Adept x3  
  42  7:26  Adept  
  50  7:43  Probe (Chrono Boost)  
  48  7:44  Probe (Chrono Boost)  
  48  7:47  Assimilator  
  48  7:52  Adept, Assimilator  
  48  7:53  Adept x3, Probe (Chrono Boost)  
  48  7:54  Dark Templar x2  
  48  7:56  Probe (Chrono Boost)  
  62  8:04  Probe (Chrono Boost)  
  63  8:08  Pylon  
  63  8:15  Protoss Ground Weapons Level 1  
  63  8:16  Protoss Ground Armor Level 1  
  63  8:17  Blink  
  53  8:53  Dark Templar x3  
  53  8:54  Dark Templar  
  61  9:24  Pylon  
  61  9:26  Nexus  
  61  9:29  Pylon  
  61  9:31  Zealot x3  
  61  9:32  Pylon, Zealot  
  61  9:34  Probe (Chrono Boost)  
  61  9:36  Probe (Chrono Boost)  
  71  9:54  Dark Templar x3  
  71  9:55  Dark Templar x2  
  81  10:02  Probe (Chrono Boost)  
  81  10:03  Probe (Chrono Boost)  
  83  10:12  Probe (Chrono Boost)  
  83  10:13  Gateway  
  85  10:14  Gateway  
  85  10:15  Probe (Chrono Boost)  
  85  10:21  Pylon  
  73  10:50  Protoss Ground Weapons Level 2  
  73  10:51  Protoss Ground Armor Level 2  
  73  10:55  Archon  
  71  10:59  Probe x2 (Chrono Boost)  
  71  11:00  Probe (Chrono Boost)  
  71  11:01  Zealot x2  
  71  11:02  Zealot x4  
  82  11:06  Observer  
  83  11:16  Assimilator  
  83  11:23  Robotics Facility  
  83  11:25  Adept x2  
  85  11:26  Adept x2  
  85  11:29  Probe x2 (Chrono Boost)  
  85  11:39  Sentry  
  87  11:40  Sentry  
  89  11:51  Pylon  
  89  11:52  Pylon  
  89  11:56  Stalker x2  
  93  12:01  Photon Cannon  
  93  12:05  Dark Templar x2  
  93  12:06  Photon Cannon  
  97  12:09  Immortal  
  101  12:25  Robotics Bay  
  101  12:26  Pylon  
  101  12:27  Probe x2 (Chrono Boost)  
  103  12:42  Pylon  
  103  12:45  Charge, Immortal  
  107  12:51  Observer  
  107  13:08  Dark Templar x3  
  113  13:14  Archon  
  113  13:21  Nexus  
  113  13:39  Assimilator  
  113  13:42  Zealot x3  
  113  13:43  Zealot x2  
  123  13:53  Observer  
  124  14:05  Adept x2  
  124  14:06  Adept x3  
  126  14:15  Dark Templar x2  
  119  14:25  Colossus  
  85  14:57  Stalker x4  
  91  15:05  Zealot x2  
  91  15:06  Zealot x2  
  92  15:14  Pylon  
Show
View Real Time Build Order
Export as new Build Order

ugilad Zerg - Winner!

Build Orders: Pool First, Lurkers 

Get SALT Encoding   

  12  0:10  Overlord  
  12  0:16  Drone  
  12  0:17  Drone  
  14  0:36  Spawning Pool  
  14  0:41  Drone  
  14  0:44  Drone  
  14  0:49  Drone  
  16  1:17  Hatchery  
  15  1:22  Zergling x4  
  15  1:23  Zergling x2  
  18  1:39  Queen  
  20  1:40  Overlord  
  20  1:46  Extractor  
  19  1:47  Drone  
  19  1:50  Extractor  
  19  2:01  Zergling x2  
  20  2:28  Drone x3  
  23  2:32  Queen  
  23  2:35  Drone  
  26  2:41  Drone  
  26  2:42  Drone  
  27  3:02  Drone x5  
  27  3:03  Drone  
  33  3:18  Spore Crawler  
  32  3:23  Drone x3  
  35  3:43  Drone  
  35  3:44  Overlord x3  
  36  3:55  Spine Crawler  
  35  4:00  Spine Crawler  
  35  4:01  Spine Crawler  
  35  4:02  Spine Crawler  
  32  4:06  Zergling x4  
  32  4:07  Zergling x4  
  35  4:31  Queen  
  39  4:40  Lair  
  37  4:50  Extractor, Drone  
  37  4:51  Extractor, Drone x7  
  43  5:03  Evolution Chamber  
  43  5:05  Drone  
  43  5:06  Drone  
  44  5:08  Evolution Chamber  
  44  5:09  Evolution Chamber  
  42  5:22  Drone x6  
  48  5:31  Pneumatized Carapace  
  46  5:48  Zergling x10  
  46  5:49  Zergling x10  
  51  6:12  Zerg Missile Weapons Level 1  
  51  6:13  Zerg Ground Armor Level 1  
  51  6:14  Zerg Melee Weapons Level 1  
  51  6:16  Metabolic Boost  
  51  6:20  Hydralisk Den  
  45  6:35  Drone  
  45  6:36  Drone x6  
  49  6:40  Spore Crawler  
  49  6:41  Spore Crawler  
  49  6:45  Spore Crawler, Drone x2  
  49  6:46  Drone  
  49  6:52  Zergling x2  
  49  6:53  Zergling x2  
  44  7:04  Zergling x6  
  44  7:07  Zergling x2  
  36  7:20  Drone x2  
  33  7:39  Zergling x4  
  33  7:40  Zergling x4  
  34  7:49  Drone x2  
  36  8:00  Hydralisk  
  38  8:09  Hydralisk  
  39  8:24  Drone x2  
  39  8:25  Drone x4  
  36  8:40  Drone  
  36  8:41  Drone x5  
  39  8:53  Hydralisk x2  
  39  8:55  Drone x3  
  46  9:06  Queen  
  48  9:14  Hydralisk x4  
  56  9:21  Muscular Augments  
  56  9:30  Zerg Missile Weapons Level 2  
  56  9:36  Zerg Ground Armor Level 2  
  56  9:45  Hydralisk x2  
  60  10:04  Overlord x2  
  60  10:20  Overlord x2  
  60  10:25  Overseer  
  60  10:30  Spine Crawler  
  58  11:16  Drone x7  
  58  11:17  Drone x6  
  58  11:18  Drone, Hatchery  
  72  11:25  Lurker Den  
  71  11:46  Hydralisk x4  
  73  11:47  Hydralisk x5  
  89  11:56  Queen  
  89  11:59  Overlord  
  89  12:00  Overlord  
  91  12:09  Overlord, Drone  
  91  12:10  Overlord  
  91  12:13  Overseer  
  91  12:14  Overseer  
  92  12:17  Queen  
  94  12:28  Spore Crawler  
  93  12:30  Queen  
  95  12:38  Drone  
  95  12:39  Drone x11  
  95  12:40  Drone  
  108  12:59  Hatchery  
  107  13:11  Lurker  
  107  13:12  Lurker x9  
  117  13:13  Lurker  
  118  13:26  Spore Crawler  
  117  13:27  Spore Crawler  
  117  13:31  Extractor  
  117  13:32  Extractor, Spore Crawler  
  117  13:33  Spore Crawler  
  112  13:39  Spine Crawler  
  112  13:40  Spine Crawler  
  112  13:41  Hydralisk x5, Hatchery  
  110  13:42  Hydralisk  
  121  14:21  Hydralisk x2  
  121  14:22  Hydralisk x5  
Tags
 
Composition
Lurkers
Matchup
PvZ
Opening
Pool First
Replay Pack
All Mines
Spawn Locations
Close Positions
Add a new tag
Caveats
  • Supply blocks, unpowered buildings, or Contaminate may cause inaccurate times.
  • Supply counts are checked every 10 seconds.